AoeStats
← 18_Salkin

Four Lakes

507070714Analyzed
1v1 RM · 17d ago on Sep 16, 2026· 50m 56s· 2 players
Game mode
Random Map
Map size
Tiny (2 player)
Population
200
Speed
Normal
Resources
Standard
Victory
Conquest
Starting age
Dark Age
Ending age
Imperial Age
RankedLock teamsTeams togetherTeam positionsShared explorationLock speedFull tech treeHidden civsTurbo modeCheats
Victory
Defeat
🇵🇪 Italians · Peru
1227
+17
🇩🇪 Magyars · Germany
1238
-17
MaxTorres04
11:08 Feudal Age
15:26 Castle Age
13:16 Double-Bit Axe
15:05 Scale Barding Armor
15:11 Forging
16:04 Wheelbarrow
15:15 Loom
16:21 Bloodlines
15:32 Light Cavalry
16:13 Husbandry
19:03 Stone Mining
24:05 Hand Cart
25:50 Fletching
26:01 Padded Archer Armor
30:22 Imperial Age
28:06 Town Watch
28:23 Bodkin Arrow
28:43 Leather Archer Armor
28:53 Bow Saw
29:02 Gold Mining
29:47 Stone Shaft Mining
29:53 Stone Shaft Mining
31:47 Town Patrol
34:04 Two-Man Saw
35:54 Chemistry
35:14 Ballistics
39:33 Bracer
39:48 Leather Archer Armor
39:33 Treadmill Crane
39:15 Elite Skirmisher
40:01 Thumb Ring
43:03 Hussar
48:43 Ring Archer Armor
48:33 Chain Barding Armor
48:49 Iron Casting
18_Salkin
5:12 Loom
11:22 Feudal Age
15:41 Castle Age
14:56 Double-Bit Axe
14:53 Horse Collar
15:11 Fishing Lines
19:12 Wheelbarrow
18:35 Town Watch
19:07 Bow Saw
19:31 Heavy Plow
20:24 Husbandry
21:32 Scale Barding Armor
22:38 Fletching
24:06 Hand Cart
25:36 Chain Barding Armor
26:17 Bloodlines
26:10 Stone Mining
26:10 Gold Mining
26:34 Gold Mining
27:14 Town Patrol
28:21 Padded Archer Armor
29:27 Gillnets
33:49 Imperial Age
32:06 Corvinian Army
32:18 Thumb Ring
33:00 Gold Shaft Mining
33:41 Bodkin Arrow
34:41 Bracer
35:01 Leather Archer Armor
36:05 Ballistics
36:47 Chemistry
36:16 Parthian Tactics
37:38 Ring Archer Armor
37:27 Elite Magyar Huszar
39:45 Hoardings
38:54 Elite Skirmisher
40:39 Plate Barding Armor
45:29 Conscription
46:50 Two-Man Saw
47:04 Crop Rotation
46:22 Heavy Cavalry Archer
46:36 Cavalier
50:22 Paladin
Connection lost

Rejoining the realm…

Still unreachable

The connection could not be restored.

Session expired

The server has moved on; the page needs a fresh start.